 Dungeon Crawl Stone Soup version bcrawl-1.21.3-2-g9d8a61a446 (webtiles) character file.

Game seed: 2911772191987037184

832 Fukker the Destroyer (level 7, -2/41 HPs)
             Began as a Fairy Conjurer on Apr 18, 2020.
             Slain by a centaur (3 damage)
             ... on level 6 of the Dungeon.
             The game lasted 00:09:18 (4965 turns).

Fukker the Destroyer (Fairy Conjurer)               Turns: 4965, Time: 00:09:18

Health: -2/41      AC:  9    Str:  6    XL:     7   Next: 98%
Magic:  1/18       EV: 17    Int: 21    God:
Gold:   304        SH:  5    Dex: 16    Spells: 3/18 levels left

rFire    . . .     SeeInvis .   j - +1 dagger (venom)
rCold    . . .     Gourm    +   (shield restricted)
rNeg     . . .     Faith    .   (armour unavailable)
rPois    .         Spirit   .   p - +2 hat
rElec    .         Reflect  .   (no cloak)
rCorr    .         Harm     .   (no gloves)
MR       .....                  (no boots)
Stlth    +.........             u - amulet of the gourmand
HPRegen  0.13/turn              l - +4 ring of dexterity
MPRegen  0.16/turn              (no ring)

@: flying evasively
A: small, magic attunement, unstealthy, unfitting armour, talons 1, molten
scales 1, mutation resistance 1, able to fly, AC/SH +5
a: Stop Flying


You were on level 6 of the Dungeon.
You were full.

You visited 1 branch of the dungeon, and saw 6 of its levels.

You collected 304 gold pieces.

Inventory:

Hand Weapons
 j - a +1 dagger of venom (weapon)
Missiles
 d - 904 stones (quivered)
 i - 155 poisoned needles
 n - 2 throwing nets {!f}
Armour
 p - a +2 hat (worn)
Jewellery
 l - a +4 ring of dexterity (left hand)
 q - an uncursed amulet of rage
 u - an amulet of the gourmand (around neck)
Scrolls
 a - 4 scrolls of remove curse
 h - 9 scrolls of identify
 k - 3 scrolls of immolation {unknown}
 o - 3 scrolls of magic mapping {unknown}
 r - a scroll of teleportation
 t - a scroll of enchant armour {unknown}
 w - a scroll of fog {unknown}
 x - a scroll of amnesia {unknown}
Potions
 b - a potion of magic
 c - 3 potions of brilliance {unknown}
 f - 3 potions of mutation
 m - a potion of curing
 s - a potion of agility {unknown}
 v - 3 potions of degeneration {unknown}
Comestibles
 e - 7 rations {!d}


   Skills:
 - Level 1.2 Short Blades
 - Level 2.6 Dodging
 - Level 1.5 Stealth
 + Level 6.4 Spellcasting
 + Level 9.0 Conjurations
 * Level 2.6 Hexes


You had 3 spell levels left.
You knew the following spells:

 Your Spells              Type           Power        Failure   Level  Hunger
a - Magic Dart            Conj           ####         1%          1    None
b - Searing Ray           Conj           #####...     1%          2    None
c - Iskenderun's Mystic   Conj           #####...     1%          3    None
d - Fulminant Prism       Conj/Hex       ####......   9%          4    None
e - Irradiate             Conj/Tmut      ####......   38%         5    None

Your spell library contained the following spells:

 Spells                   Type           Power        Failure   Level  Hunger
 Beastly Appendage        Tmut           #.....       10%         1    None
 Infusion                 Chrm           #.......     10%         1    None
 Song of Slaying          Chrm           #.......     14%         2    None
 Sticks to Snakes         Tmut           #.......     14%         2    None
 Spectral Weapon          Hex/Chrm       ##......     17%         3    None
 Ozocubu's Armour         Chrm/Ice       #.......     28%         3    None
 Regeneration             Chrm/Necr      #.........   28%         3    None
 Spider Form              Tmut/Pois      #..          28%         3    None
 Ice Form                 Ice/Tmut       #.......     67%         4    None
 Blade Hands              Tmut           #.........   95%         5    None


Dungeon Overview and Level Annotations

Branches:
Dungeon (6/12)
 Temple: D:4-7

Altars:
Ashenzari
Cheibriados
Dithmenos
Kikubaaqudgha
Makhleb
Qazlal


Innate Abilities, Weirdness & Mutations

Your spells do not cause hunger and MP costs are reduced by 1.
Your bright wings attract enemies. (Stealth-)
You cannot fit into any form of body armour.
Your shimmering scales are hard and can block incoming attacks. (AC +5, SH +5)
You are small and have problems with some larger weapons.
You can fly continuously.
You have sharp toenails.
You are partially covered in molten scales. (AC +2)
You are somewhat resistant to further mutation.


Message History

(Press . to maintain the ray.)
The centaur unwields a +0 shortbow.
The centaur misses you.
The crimson imp blinks!
The searing ray hits the centaur but does no damage.
The centaur is moderately wounded.
The centaur hits you but does no damage.
The centaur hits you!
* * * LOW HITPOINT WARNING * * *
The searing ray hits the centaur!
The centaur is severely wounded.
The centaur barely misses you. The crimson imp completely misses you.
Without enough magic to sustain it, your searing ray dissipates.
The centaur misses you. The centaur hits you.
* * * LOW HITPOINT WARNING * * *
The crimson imp completely misses you. The centaur hits you.
* * * LOW HITPOINT WARNING * * *
The crimson imp barely misses you. The centaur hits you.
You die...

..# ###.# #.# §≈.#
##.# #.# ≈≈.# #...
#.#..§.. .## #....
#.##...##..# #.###
#..#...#...# #.
#..##.##...## #.
#)..#.#...... #
#...@c....# .
##..5....##.#########
#.........#.#..<.....
#...#.#...#.#.#######
#..##.##....#.#......
#..#...#....#.#.#####
#.##...##.#.#.#.#....
..#..≈..#...#.#.#.###
#..#.≈≈≈.#.###.#.#.###


You could see a centaur and a crimson imp.

Vanquished Creatures
  A gargoyle (D:6)
  A centaur (D:5)
  A howler monkey (D:4)
  A bullfrog zombie (D:3)
  A hound (D:5)
  A bullfrog skeleton (D:6)
  An iguana (D:5)
  4 orc wizards
  2 worker ants (D:5)
  A worker ant zombie (D:5)
  2 adders
  2 shadow imps (D:6)
  A white imp (D:6)
  3 oozes
  2 worms
  5 dart slugs
  5 leopard geckos
  8 orcs
  2 giant cockroaches
  3 goblins (D:1)
  4 hobgoblins
  2 jackals (D:2)
  A quokka (D:5)
  4 bats
  2 frilled lizards (D:1)
  A jackal skeleton (D:6)
  9 kobolds
  6 rats
76 creatures vanquished.

Vanquished Creatures (others)
  2 fulminant prisms (D:6)
2 creatures vanquished.

Grand Total: 78 creatures vanquished

Notes
Turn   | Place    | Note
-------+----------+-------------------------------------------
     0 | D:1      | Fukker the Fairy Conjurer began the quest for the Orb.
     0 | D:1      | Reached XP level 1. HP: 11/11 MP: 6/6
     8 | D:1      | Reached skill level 5 in Conjurations
    79 | D:1      | Reached XP level 2. HP: 17/17 MP: 7/7
   247 | D:1      | Learned a level 2 spell: Searing Ray
   668 | D:1      | Reached XP level 3. HP: 21/21 MP: 9/9
  1131 | D:2      | Found a shattered altar of Ashenzari.
  1144 | D:2      | Learned a level 3 spell: Iskenderun's Mystic Blast
  1252 | D:2      | Found an ancient bone altar of Kikubaaqudgha.
  1259 | D:2      | Reached skill level 6 in Conjurations
  1641 | D:3      | Reached XP level 4. HP: 27/27 MP: 6/11
  1796 | D:3      | Reached XP level 5. HP: 26/31 MP: 8/12
  1954 | D:3      | Found a faded altar of an unknown god.
  2098 | D:3      | Reached skill level 7 in Conjurations
  2613 | D:4      | Reached skill level 1 in Short Blades
  2615 | D:4      | Reached XP level 6. HP: 36/36 MP: 6/14
  2724 | D:4      | Found a snail-covered altar of Cheibriados.
  2735 | D:4      | Learned a level 4 spell: Fulminant Prism
  2871 | D:4      | Found a burning altar of Makhleb.
  3114 | D:4      | Found a shadowy altar of Dithmenos.
  3467 | D:5      | Entered Level 5 of the Dungeon
  3511 | D:5      | Found a stormy altar of Qazlal.
  3603 | D:5      | Reached skill level 8 in Conjurations
  3603 | D:5      | Reached skill level 1 in Hexes
  3697 | D:5      | Reached skill level 5 in Spellcasting
  4004 | D:5      | Reached XP level 7. HP: 37/41 MP: 16/16
  4589 | D:6      | Noticed a gargoyle
  4602 | D:6      | Gained mutation: You are partially covered in molten
                  | scales. (AC +2) [potion of mutation]
  4602 | D:6      | Gained mutation: You are somewhat resistant to further
                  | mutation. [potion of mutation]
  4602 | D:6      | Gained mutation: You have sharp toenails. [potion of
                  | mutation]
  4851 | D:6      | Learned a level 5 spell: Irradiate
  4952 | D:6      | Killed a gargoyle
  4952 | D:6      | Reached skill level 9 in Conjurations
  4964 | D:6      | HP: 1/41 [centaur (5)]
  4965 | D:6      | Slain by a centaur

Skill      XL: |  1  2  3  4  5  6  7 |
---------------+----------------------+-----
Conjurations   | 5 6 7 8 9 |  9.0
Spellcasting   | 3 4 5 6 |  6.4
Short Blades   | 1 |  1.2
Hexes          | 1 2 |  2.6
Dodging        | |  2.6
Stealth        | |  1.5

Action                   |  1- 3 |  4- 6 |  7- 9 || total
-------------------------+-------+-------+-------++-------
Melee: Dagger            |    23 |    13 |    13 ||    49
 Cast: Magic Dart        |    45 |    28 |    15 ||    88
       Searing Ray       |     2 |     8 |     6 ||    16
       Iskenderun's Myst |     2 |     4 |       ||     6
       Fulminant Prism   |       |       |     2 ||     2
  Use: Scroll            |       |       |     4 ||     4
       Potion            |       |       |     2 ||     2
  Eat: Chunk             |     2 |    16 |     2 ||    20
Armor: Skin              |     3 |     1 |     9 ||    13
Dodge: Dodged            |    18 |    27 |    24 ||    69
Block: Other             |     5 |     5 |     8 ||    18
